 Dungeon Crawl Stone Soup version 0.20-b1 (webtiles) character file.

112 Gorglomux the Skirmisher (level 4, 0/42 HPs)
             Began as a Hill Orc Venom Mage on May 19, 2017.
             Slain by an adder (3 damage)
             ... on level 2 of the Dungeon.
             The game lasted 00:03:36 (2801 turns).

Gorglomux the Skirmisher (Hill Orc Venom Mage)      Turns: 2801, Time: 00:03:38

Health: 0/42       AC:  2    Str: 11    XL:     4   Next: 93%
Magic:  2/6        EV: 12    Int: 15    God:
Gold:   103        SH:  0    Dex: 11    Spells: 5/6 levels left

rFire    + + .     SeeInvis .   d - +0 spear
rCold    . . .     Gourm    .   (no shield)
rNeg     . . .     Faith    .   a - +0 robe
rPois    .         Spirit   .   (no helmet)
rElec    .         Reflect  .   (no cloak)
rCorr    .         Harm     .   (no gloves)
MR       +....                  (no boots)
Stlth    ++........             (no amulet)
Regen    0.2/turn               (no ring)
MPRegen  0.1/turn               (no ring)

@: lethally poisoned (0 -> -8)
A: fire resistance 2, magic resistance 1
a: no special abilities


You were on level 2 of the Dungeon.
You were hungry.

You visited 1 branch of the dungeon, and saw 2 of its levels.

You collected 103 gold pieces.

Inventory:

Hand Weapons
 d - a +0 spear (weapon)
   (You found it on level 1 of the Dungeon)
Armour
 a - a +0 robe (worn)
 l - a +0 helmet
   (You found it on level 1 of the Dungeon)
Jewellery
 i - a +6 amulet of reflection {unknown}
   (You found it on level 1 of the Dungeon)
Wands
 j - a wand of random effects (33/48)
   (You took it off Jessica on level 2 of the Dungeon)
Scrolls
 e - a scroll of blinking {unknown}
 m - a scroll of teleportation {unknown}
Potions
 f - a potion of haste {unknown}
 h - 2 potions of mutation {!q}
 k - a potion of might {unknown}
Books
 b - a Young Poisoner's Handbook
Comestibles
 c - a bread ration {@e1@e1}
 g - 2 royal jellies


   Skills:
 + Level 5.2 Fighting
 - Level 1.5 Dodging
 - Level 1.5 Stealth
 - Level 1.5 Spellcasting
 - Level 1.0 Conjurations
 - Level 2.6 Poison Magic


You had 5 spell levels left.
You knew the following spells:

 Your Spells              Type           Power        Failure   Level  Hunger
a - Sting                 Conj/Pois      #...         11%         1    ##.....


Dungeon Overview and Level Annotations

Branches:
Dungeon (2/15)

Altars:
Cheibriados
Xom
Yredelemnul
The Shining One


Innate Abilities, Weirdness & Mutations

Your flesh is very heat resistant. (rF++)
You are resistant to hostile enchantments. (MR+)


Message History

Aim: a gnoll, wielding a halberd (moderately wounded, poisoned)
The sting hits the gnoll.
The gnoll appears unharmed.
You now have 4/6 mp.
Aim: a gnoll, wielding a halberd (heavily wounded, poisoned)
The sting misses the gnoll.
The gnoll hits you from afar with a halberd!
You take 15 damage, and have 27/42 hp.
MASSIVE DAMAGE!!
You now have 3/6 mp.
Attack whom?
Aim: a gnoll, wielding a halberd (heavily wounded, poisoned)
You reach to attack!
You hit the gnoll.
The gnoll hits you from afar with a halberd.
An adder comes into view.
You take 5 damage, and have 22/42 hp.
You are too injured to fight recklessly!
Unknown command.
Attack whom?
Aim: a gnoll, wielding a halberd (severely wounded, poisoned)
You reach to attack!
The adder hisses angrily.
You hit the gnoll but do no damage. The gnoll misses you.
The gnoll looks more healthy.
Aim: a gnoll, wielding a halberd (almost dead)
The sting hits the adder.
The adder appears unharmed.
You now have 3/6 mp.
Aim: a gnoll, wielding a halberd (almost dead)
The sting hits the adder.
The adder barely misses you.
You now have 2/6 mp.
The adder bites you.
You are poisoned.
The adder poisons you!
You take 3 damage, and have 21/42 hp.
You feel sick.
You take 1 damage, and have 20/42 hp.
You feel sick.
You take 1 damage, and have 19/42 hp.
The adder bites you.
You are more poisoned.
The adder poisons you!
You take 4 damage, and have 15/42 hp.
You feel sick.
You see here a club.
You take 1 damage, and have 14/42 hp.
You feel sick.
You take 1 damage, and have 13/42 hp.
Aim: an adder (heavily wounded)
The sting hits the adder.
You feel sick. The adder barely misses you.
You now have 2/6 mp.
Unknown command.
Aim: an adder (heavily wounded)
The sting misses the adder.
The adder bites you but does no damage. The adder closely misses you.
You now have 1/6 mp.
Attack whom?
Aim: an adder (heavily wounded)
You miss the adder.
You feel sick. The adder bites you but does no damage.
You take 1 damage, and have 12/42 hp.
Attack whom?
Aim: an adder (heavily wounded)
You completely miss the adder.
You feel sick. The adder bites you but does no damage.
You take 1 damage, and have 11/42 hp.
Attack whom?
Aim: an adder (heavily wounded)
You barely miss the adder.
You feel sick. The adder barely misses you. The adder closely misses you.
You take 1 damage, and have 10/42 hp.
Attack whom?
Aim: an adder (heavily wounded)
You miss the adder. The adder bites you but does no damage.
Attack whom?
Aim: an adder (heavily wounded)
You hit the adder but do no damage.
You feel sick. The adder misses you. The adder closely misses you.
Attack whom?
Aim: an adder (heavily wounded)
You hit the adder.
You feel sick. The adder bites you.
* * * LOW HITPOINT WARNING * * *
You are lethally poisoned!
The adder poisons you!
Attack whom?
Aim: an adder (severely wounded)
You barely miss the adder.
* * * LOW HITPOINT WARNING * * *
You feel sick. The adder closely misses you.
The adder bites you but does no damage.
You take 6 damage, and have 4/42 hp.
Attack whom?
Aim: an adder (severely wounded)
You hit the adder but do no damage.
* * * LOW HITPOINT WARNING * * *
You feel sick. The adder barely misses you.
You take 1 damage, and have 3/42 hp.
Unknown command.
It was a potion of mutation.
You feel extremely strange.
You feel resistant to heat.
You feel more resistant to heat.
You feel resistant to hostile enchantments.
The adder bites you.
You die...

'#.......#.........#.....#.......
...#####.#.#######.#.....#.......
...#####.#.## #.#.#.#.#.......
...#........######.#.#.#.#.......
'#.#.###.#.............#.##.....#
.#.#.# #.#.#....#......#.##......
.#.#.# #.#.#..##.#.....#.##......
.#.#.# #.#.#..#.###.g..#.#######g
.#.#.###.#...#.#@#.....#.# #.
.#.#.#........###S#....#.### #.
.#.#.#.........#.##........#####.
.....#....(.##..#...###.÷........
##.###.....(######...............
.#.# #.....÷# #......###......
.#.###......### #..[...# #......
.#.##.........# #......# #......
.#.##......)..# #......# #......


You could see an adder.

Vanquished Creatures
  Jessica (D:2)
  2 gnolls (D:2)
  2 adders (D:2)
  An ooze (D:1)
  A worm (D:2)
  4 bats (D:1)
  A giant cockroach (D:1)
  5 goblins
  8 hobgoblins (D:1)
  3 jackals
  A quokka (D:2)
  3 frilled lizards
  7 kobolds
  3 rats
42 creatures vanquished.

Notes
Turn   | Place    | Note
-------+----------+-------------------------------------------
     0 | D:1      | Gorglomux the Hill Orc Venom Mage began the quest for the Orb.
     0 | D:1      | Reached XP level 1. HP: 14/14 MP: 3/3
   143 | D:1      | Reached skill level 1 in Fighting
   212 | D:1      | Reached skill level 2 in Fighting
   212 | D:1      | Reached XP level 2. HP: 21/24 MP: 0/4
   417 | D:1      | HP: 6/25 [bat (1)]
   888 | D:1      | Reached skill level 3 in Fighting
   888 | D:1      | Reached XP level 3. HP: 20/31 MP: 1/5
  1693 | D:2      | Noticed Jessica
  1702 | D:2      | Killed Jessica
  1702 | D:2      | Reached skill level 4 in Fighting
  1702 | D:2      | Reached XP level 4. HP: 24/40 MP: 0/6
  1778 | D:2      | HP: 6/40 [worm (7)]
  2471 | D:2      | Found a snail-covered altar of Cheibriados.
  2473 | D:2      | Found a snail-covered altar of Cheibriados.
  2473 | D:2      | Found a basalt altar of Yredelemnul.
  2475 | D:2      | Found a basalt altar of Yredelemnul.
  2475 | D:2      | Found a glowing golden altar of the Shining One.
  2475 | D:2      | Found a shimmering altar of Xom.
  2587 | D:2      | Reached skill level 5 in Fighting
  2795 | D:2      | HP: 10/42 [poisoned by an adder]
  2799 | D:2      | HP: 4/42 [poisoned by an adder]
  2801 | D:2      | Gained mutation: Your flesh is heat resistant. (rF+) [potion of mutation]
  2801 | D:2      | Gained mutation: Your flesh is very heat resistant. (rF++) [potion of mutation]
  2801 | D:2      | Gained mutation: You are resistant to hostile enchantments. (MR+) [potion of mutation]
  2801 | D:2      | Slain by an adder

Skill      XL: |  1  2  3  4 |
---------------+-------------+-----
Fighting       | 2 3 4 5 |  5.2
Dodging        | |  1.5
Stealth        | |  1.5
Spellcasting   | |  1.5
Conjurations   | |  1.0
Poison Magic   | |  2.6

Action                   |  1- 3 |  4- 6 || total
-------------------------+-------+-------++-------
Melee: Spear             |    83 |    48 ||   131
 Cast: Sting             |    40 |    25 ||    65
  Use: Potion            |       |     1 ||     1
 Stab: Sleeping          |     2 |     2 ||     4
  Eat: Chunk             |     3 |     4 ||     7
Armor: Robe              |    18 |    11 ||    29
Dodge: Dodged            |    67 |    41 ||   108

Vault maps used:
D:1:      dpeg_arrival_brainrot
D:2:      doesnt_xom_only_xom, minmay_tripent, uniq_jessica

Table legend:
 A = Turns spent in this place as a percentage of turns spent in the entire game.
 B = Non-inter-level travel turns spent in this place as a percentage of non-inter-level travel turns spent in the entire game.
 C = Inter-level travel turns spent in this place as a percentage of turns spent in this place.
 D = Turns resting spent in this place as a percentage of non-inter-level travel turns spent in this place.
 E = Turns spent auto-exploring this place as a percentage of non-inter-level travel turns spent in this place.
 F = Non-inter-level travel turns spent in this place divided by the number of levels of this place that you've seen.
                   A       B       C       D       E      F
               +-------+-------+-------+-------+-------+----------------------
         Total | 100.0 | 100.0 |   0.2 |   2.9 |   7.8 | 400.0
       Dungeon | 100.0 | 100.0 |   0.2 |   2.9 |   7.8 | 400.0
               +-------+-------+-------+-------+-------+----------------------

Table legend:
 A = Kills in this place as a percentage of kills in entire the game.
 B = Kills by you in this place as a percentage of kills by you in the entire game.
 C = Kills by friends in this place as a percentage of kills by friends in the entire game.
 D = Other kills in this place as a percentage of other kills in the entire game.
 E = Experience gained in this place as a percentage of experience gained in the entire game.
 F = Experience gained in this place divided by the number of levels of this place that you have seen.
                   A       B       C       D       E      F
               +-------+-------+-------+-------+-------+----------------------
         Total | 100.0 | 100.0 |  -nan |  -nan | 100.0 |  80.0
       Dungeon | 100.0 | 100.0 |  -nan |  -nan | 100.0 |  80.0
               +-------+-------+-------+-------+-------+----------------------
